 Dungeon Crawl Stone Soup version 0.25.1-2-g60ff931df9 (webtiles) character file.

Game seed: 4278265025441888050

1248 Chimkentus the Sneak (level 8, -4/52 HPs)
             Began as an Octopode Assassin on Aug 2, 2020.
             Was an Elder of Zin.
             Slain by a wight
             ... wielding a +2 battleaxe of freezing
              (5 damage)
             ... on level 6 of the Dungeon.
             The game lasted 00:34:39 (5668 turns).

Chimkentus the Sneak (Octopode Assassin)            Turns: 5668, Time: 00:34:40

Health: -4/52      AC:  1    Str: 13    XL:     8   Next: 50%
Magic:  9/11       EV: 12    Int: 14    God:    Zin [****..]
Gold:   10         SH:  9    Dex: 15    Spells: 7/7 levels left

rFire    . . .     SeeInvis .   b - +2 trident (vorpal)
rCold    . . .     Gourm    .   J - +2 kite shield
rNeg     . . .     Faith    +   (helmet restricted)
rPois    ∞         Spirit   .   n - amulet of faith
rElec    .         Reflect  .   N - ring of stealth
rCorr    .         Harm     .   O - ring of wizardry
MR       .....                  (no ring)
Stlth    +++++.....             (no ring)
HPRegen  0.17/turn              (no ring)
MPRegen  0.12/turn              (no ring)
                                (no ring)
                                (no ring)

@: vitalised, drained
A: almost no armour, stealthy swim, amphibious, 8 rings, constrict 8, camouflage
1, gelatinous body 1
a: Recite, Vitalisation, Imprison, Donate Gold, Renounce Religion


You were on level 6 of the Dungeon.
You worshipped Zin.
Zin was greatly pleased with you.
You were not hungry.

You visited 1 branch of the dungeon, and saw 6 of its levels.

You collected 377 gold pieces.
You spent 330 gold pieces at shops.
You donated 37 gold pieces to Zin.

Inventory:

Hand Weapons
 a - a +2 dagger
 b - a +2 vorpal trident (weapon)
 e - a +0 dagger
 g - a cursed -1 mace
 q - a +0 long sword
 r - a +0 hand axe
 s - a +0 hunting sling
 u - a +3 trident
 x - a +0 hand axe
 y - a +2 flail of holy wrath
 K - a +3 short sword
Missiles
 f - 117 stones
 j - 72 arrows
 k - 13 poisoned darts
 p - 4 datura-tipped darts
 w - 17 sling bullets
 C - 2 boomerangs (quivered)
 G - a curare-tipped dart
Armour
 J - a +2 kite shield (worn)
Jewellery
 n - an amulet of faith (around mantle)
 N - a ring of stealth (left tentacle)
 O - a ring of wizardry (right tentacle)
Wands
 B - a wand of flame (11)
Scrolls
 h - 2 scrolls of enchant weapon {unknown}
 i - 3 scrolls of amnesia
 o - 2 scrolls of noise
 t - a scroll of fog {unknown}
 v - a scroll of magic mapping {unknown}
 D - a scroll of random uselessness {unknown}
 E - 3 scrolls of blinking {unknown}
 I - a scroll of teleportation {unknown}
 L - 5 scrolls of remove curse {unknown}
Potions
 c - a potion of brilliance
 l - a potion of magic
 m - 2 potions of heal wounds
 z - 4 potions of curing
 A - a potion of mutation {unknown}
 F - a potion of cancellation {unknown}
 H - a potion of haste {unknown}
 M - a potion of might {unknown}
Comestibles
 d - 9 rations


   Skills:
 * Level 3.5(2.8) Fighting
 + Level 2.1(1.5) Short Blades
 + Level 0.5(0.7) Long Blades
 + Level 2.8(2.1) Polearms
 + Level 2.8(3.0) Slings
 + Level 3.9(3.6) Throwing
 * Level 4.1(3.4) Dodging
 + Level 7.8(6.9) Stealth
 * Level 2.0(1.2) Shields
 * Level 4.2(3.4) Invocations
 + Level 0.2(0.0) Evocations


You had 7 spell levels left.
You didn't know any spells.
Your spell library was empty.

Dungeon Overview and Level Annotations

Branches:
Dungeon (6/15)
 Temple: D:4-7

Altars:
Uskayaw
Vehumet
Zin
The Shining One

Shops:
D:6 *


Innate Abilities, Weirdness & Mutations

You cannot wear most types of armour.
You are very stealthy in the water. (Stealth+)
You are amphibious.
You can wear up to eight rings at the same time.
You can use your tentacles to constrict eight enemies at once.
Your skin changes colour to match your surroundings (Stealth+).
Your rubbery body absorbs attacks. (AC +1, EV +1)


Message History

The wight hits you with a +1 long sword of protection.
You feel drained.
You hit the wight.
You destroy the wight!
Zin accepts your kill. Zin grants you divine stamina.
The wight barely misses you.
You puncture the wight!
You destroy the wight!
Zin accepts your kill. You block the leopard gecko's attack.
You miss the leopard gecko. You grab the leopard gecko.
You constrict the leopard gecko. You block the leopard gecko's attack.
You puncture the leopard gecko!
You kill the leopard gecko!
Your base Shields skill increases to level 2!
The wight hits you with a +2 battleaxe of freezing!
* * * LOW HITPOINT WARNING * * *
You feel drained.
You die...

#.. #.P∩P..# #. #..
############..PP.[# #)
# .##
#..........#.....## #.
##.#
#.###..........### #.
##..###.###.####.#####
#. #...##...##.# #.#
#.
.#..##.#.##.####.###
#.
##.....#...........#
######.
.....#####..####@#.#
#...... .#.....#....##
#z#.# #.#####
.#..##.#.##..# #.#.#
#.# .#..##...###.#
#.#.# #.#
....###.####.###...##
#.# ....#
#...........#.## #.#
.... ####..........#.#
#.#
.##.##..l....####...##
#.# z......##.####
#..## #.#


You could see a wight.

Vanquished Creatures
  A phantom (D:5)
  An ogre (D:6)
  A scorpion (D:4)
  3 wights (D:6)
  2 jellies (D:5)
  A bullfrog skeleton (D:4)
  5 orc wizards
  3 orc priests
  7 hounds
  A centaur skeleton (D:5)
  An iguana (D:4)
  4 worker ants
  A howler monkey skeleton (D:4)
  8 adders
  A shadow imp (D:5)
  An adder zombie (D:6)
  An adder skeleton (D:4)
  A worm (D:2)
  2 dart slugs (D:2)
  3 leopard geckos
  27 orcs
  3 giant cockroaches
  8 goblins
  8 hobgoblins
  9 jackals
  3 quokkas
  3 bats
  7 frilled lizards
  7 kobolds
  4 rats
127 creatures vanquished.

Vanquished Creatures (collateral kills)
  3 orcs (D:4)
3 creatures vanquished.

Grand Total: 130 creatures vanquished

Notes
Turn   | Place    | Note
-------+----------+-------------------------------------------
     0 | D:1      | Chimkentus the Octopode Assassin began the quest for the
                  | Orb.
     0 | D:1      | Reached XP level 1. HP: 14/14 MP: 1/1
   383 | D:1      | Reached XP level 2. HP: 19/19 MP: 2/2
   848 | D:1      | Reached XP level 3. HP: 24/24 MP: 3/3
   923 | D:2      | Reached skill level 6 in Stealth
  1215 | D:2      | Found a glowing golden altar of the Shining One.
  1446 | D:2      | Found a glowing silver altar of Zin.
  1696 | D:2      | Became a worshipper of Zin the Law-Giver
  1729 | D:3      | Reached * piety under Zin
  1893 | D:3      | Reached XP level 4. HP: 5/30 MP: 4/4
  2230 | D:3      | Reached skill level 1 in Invocations
  2349 | D:3      | Reached XP level 5. HP: 35/35 MP: 5/5
  2497 | D:3      | Found a faded altar of an unknown god.
  2892 | D:4      | Reached skill level 1 in Slings
  2926 | D:4      | Reached ** piety under Zin
  3174 | D:4      | Found a radiant altar of Vehumet.
  3384 | D:4      | Reached skill level 1 in Polearms
  3384 | D:4      | Reached XP level 6. HP: 35/41 MP: 7/7
  3538 | D:4      | Reached skill level 7 in Stealth
  3911 | D:4      | Reached XP level 7. HP: 45/46 MP: 8/8
  4206 | D:5      | Entered Level 5 of the Dungeon
  4527 | D:5      | Reached *** piety under Zin
  4743 | D:5      | Reached skill level 1 in Shields
  4743 | D:5      | Reached XP level 8. HP: 49/52 MP: 10/10
  5201 | D:5      | Found a hide-covered altar of Uskayaw.
  5553 | D:6      | Found Cieclouh's Assorted Antiques.
  5568 | D:6      | Reached **** piety under Zin
  5596 | D:6      | Bought an agate ring for 150 gold pieces
  5596 | D:6      | Bought a potion of heal wounds for 150 gold pieces
  5596 | D:6      | Bought a scroll labeled JIGHEPHEHUA for 30 gold pieces
  5668 | D:6      | HP: 1/52 [wight/+2 battleaxe of freezing (17)]
  5668 | D:6      | Slain by a wight

Illustrated notes

Levels and vault maps discovered:
D:1:      heliophobic_arrival_henge, layout_loops_ring
D:2:      layout_loops_corners, nicolae_tso_carved_into_rock, zin_academy
D:3:      layout_basic, chequers_ecumenical_altar_grove, minmay_door_square
D:4:      layout_basic, lemuel_doored_altar, first_ration
D:5:      layout_loops_ring, lemuel_round_altar
D:6:      minmay_polygon_palace, layout_loops_ring, serial_shops,
          nicolae_shop_overgrown_old_shop, dk_vineyard_2, uniq_menkaure

Skill      XL: |  1  2  3  4  5  6  7  8 |
---------------+-------------------------+-----
Stealth        | 6 7 |  7.8
Dodging        | 2 3 4 |  4.1
Invocations    | 1 2 3 4 |  4.2
Slings         | 1 2 |  2.8
Polearms       | 1 2 |  2.8
Throwing       | 3 |  3.9
Fighting       | 3 |  3.5
Shields        | 1 2 |  2.0
Short Blades   | |  2.1
Long Blades    | |  0.5
Evocations     | |  0.2

Action                   |  1- 3 |  4- 6 |  7- 9 || total
-------------------------+-------+-------+-------++-------
Melee: Dagger            |    38 |     2 |     1 ||    41
       Constrict         |     6 |     6 |    21 ||    33
       Tentacles         |     4 |     6 |    15 ||    25
       Long sword        |     5 |     3 |       ||     8
       Trident           |       |    51 |    93 ||   144
 Fire: Hunting sling     |     5 |    34 |    31 ||    70
Throw: Dart              |    20 |    43 |    12 ||    75
       Boomerang         |       |     2 |     1 ||     3
Invok: Recite            |     1 |       |     4 ||     5
       Vitalisation      |       |       |     2 ||     2
       Imprison          |       |       |     1 ||     1
Evoke: Wand              |       |     3 |     2 ||     5
  Use: Scroll            |       |     4 |     6 ||    10
 Stab: Sleeping          |    22 |     3 |    11 ||    36
  Eat: Chunk             |     3 |     6 |     6 ||    15
Armor: Skin              |     2 |       |       ||     2
Dodge: Dodged            |     7 |    23 |    29 ||    59
Block: Kite shield       |       |       |    37 ||    37
